 Dungeon Crawl Stone Soup version 0.23.1 (webtiles) character file.

Game seed: 1545774162188872436

564 Borgoz the Ruffian (level 7, -4/59 HPs)
             Began as a Ghoul Warper on Mar 8, 2019.
             Slain by Blork the orc
             ... wielding a +1 short sword of distortion
              (9 damage)
             ... on level 4 of the Dungeon.
             The game lasted 00:04:52 (3275 turns).

Borgoz the Ruffian (Ghoul Warper)                   Turns: 3275, Time: 00:04:53

Health: -4/59      AC:  7    Str: 14 (15) XL:     7   Next: 32%
Magic:  10/10      EV: 12    Int:  8      God:
Gold:   210        SH:  0    Dex:  8 (10) Spells: 12/12 levels left

rFire    . . .     SeeInvis .     - Unarmed
rCold    + . .     Gourm    .   (no shield)
rNeg     + + +     Faith    .   l - +1 leather armour "Musiedat" {+Inv} (curse)
rPois    ∞         Spirit   .   (no helmet)
rElec    .         Reflect  .   k - +2 cloak
rCorr    .         Harm     .   (no gloves)
MR       .....                  (no boots)
Stlth    +.........             (no amulet)
HPRegen  0.00/turn              m - ring of stealth
MPRegen  0.12/turn              h - ring of attention (curse)

@: about to teleport, rotting
A: rotting body, claws 1, carnivore, cold resistance 1, negative energy
resistance 3, inhibited regeneration, torment resistance, unbreathing
a: Evoke Invisibility


You were on level 4 of the Dungeon.
You were not hungry.

You visited 1 branch of the dungeon, and saw 4 of its levels.

You collected 210 gold pieces.

Inventory:

Missiles
 d - 5 tomahawks of dispersal (quivered)
Armour
 a - a +0 leather armour
 k - a +2 cloak (worn)
 l - the cursed +1 leather armour "Musiedat" (worn) {+Inv}
   (You took it off an orc on level 4 of the Dungeon)

   It lets you turn invisible.
   It has a curse placed upon it.
 s - a +2 pair of gloves
Jewellery
 e - an uncursed ring of see invisible
 h - a cursed ring of attention (right claw)
 m - a ring of stealth (left claw)
Wands
 q - a wand of paralysis (5)
Scrolls
 b - 13 scrolls of identify {unknown}
 c - a scroll of blinking
 i - 3 scrolls of remove curse {unknown}
 j - a scroll of enchant armour {unknown}
 o - a scroll of amnesia {unknown}
 r - a scroll of fog {unknown}
 w - a scroll of teleportation {unknown}
Potions
 g - a potion of degeneration
 n - a potion of lignification {unknown}
 t - a potion of might {unknown}
 u - a potion of haste
Comestibles
 f - 5 rations
 p - 7 chunks of flesh


   Skills:
 + Level 4.1 Fighting
 - Level 0.8 Throwing
 + Level 3.0 Armour
 + Level 3.4 Dodging
 + Level 0.8 Stealth
 + Level 4.2 Unarmed Combat
 - Level 3.1 Spellcasting
   Level 2.6 Translocations
 + Level 0.5 Evocations


You had 12 spell levels left.
You didn't know any spells.
Your spell library contained the following spells:

 Spells                   Type           Power        Failure   Level  Hunger
 Blink                    Tloc           N/A          21%         2    ###....
 Shroud of Golubria       Chrm/Tloc      #.........   34%         2    ###....
 Gell's Gravitas          Tloc           #.........   36%         3    ####...
 Lesser Beckoning         Tloc           #.........   36%         3    ####...
 Teleport Other           Tloc           #.......     36%         3    ####...
 Passage of Golubria      Tloc           N/A          78%         4    #####..


Dungeon Overview and Level Annotations

Branches:
Dungeon (4/15)
 Temple: D:4-7

Altars:
Dithmenos
Gozag
Sif Muna
Uskayaw
Wu Jian
Zin

Annotations:
D:4 Blork the orc


Innate Abilities, Weirdness & Mutations

Your body is rotting away.
You thrive on raw meat.
You are immune to poison.
You have sharp fingernails.
You are carnivorous and can eat meat at any time.
Your flesh is cold resistant. (rC+)
You are immune to negative energy. (rN+++)
You do not regenerate when monsters are visible.
You are immune to unholy pain and torment.
You can survive without breathing.


Message History

The magic dart hits you.
* * * LOW HITPOINT WARNING * * *
Okay, then.
Okay, then.
Evoke which item? (* to show all) (? for menu, Esc to quit)
Aiming: Paralyse
Press: ? - help, Shift-Dir - straight line, f - Blork the orc
Aim: Blork the orc, wielding a +1 short sword of distortion and wearing a cursed +0 robe (heavily wounded, fast, chance to defeat MR: 47%) Blork the orc resists with some effort.
Blork the orc hits you with a +1 short sword of distortion.
* * * LOW HITPOINT WARNING * * *
You feel strangely unstable.
Evoke which item? (* to show all) (? for menu, Esc to quit)
Aiming: Paralyse
Press: ? - help, Shift-Dir - straight line, f/p - Blork the orc
Aim: Blork the orc, wielding a +1 short sword of distortion and wearing a cursed +0 robe (heavily wounded, fast, chance to defeat MR: 47%) Blork the orc resists with some effort.
Blork the orc hits you but does no damage.
Space warps horribly around you!
You die...

#.... #......# #....
#...... #.... #......
#....
#.....############...
#.....##...##.>.##...
#......#.........+...
#...o..#.........#...
#...@..#.........#...
#.....##...##...##...
#.....#######...##...
#................'..(
#................#...
#................#...
#..........####+##...
#.....##...# #...
#.....##...## #...


You could see Blork the orc.

Vanquished Creatures
  Sigmund (D:3)
  Menkaure (D:4)
  An ogre (D:4)
  A hound (D:4)
  An orc priest (D:4)
  3 gnolls
  6 adders
  An ooze (D:2)
  2 leopard geckos
  5 orcs (D:4)
  6 bats
  2 giant cockroaches
  3 goblins
  4 hobgoblins
  4 jackals (D:2)
  7 kobolds
  A quokka (D:2)
  3 ball pythons (D:1)
  5 frilled lizards
  5 rats
62 creatures vanquished.

Notes
Turn   | Place    | Note
-------+----------+-------------------------------------------
     0 | D:1      | Borgoz the Ghoul Warper began the quest for the Orb.
     0 | D:1      | Reached XP level 1. HP: 17/17 MP: 2/2
    67 | D:1      | Reached skill level 1 in Armour
   215 | D:1      | Reached XP level 2. HP: 19/25 MP: 3/3
   890 | D:1      | Reached XP level 3. HP: 10/30 MP: 5/5
  1414 | D:2      | Reached XP level 4. HP: 32/37 MP: 6/6
  1589 | D:2      | Found a shadowy altar of Dithmenos.
  1590 | D:2      | Found an opulent altar of Gozag.
  1595 | D:2      | Found a glowing silver altar of Zin.
  2030 | D:3      | Found a hide-covered altar of Uskayaw.
  2032 | D:3      | Found an ornate altar of the Wu Jian Council.
  2048 | D:3      | Reached XP level 5. HP: 41/44 MP: 7/7
  2205 | D:3      | Noticed Sigmund
  2226 | D:3      | Killed Sigmund
  2226 | D:3      | Reached XP level 6. HP: 29/51 MP: 7/9
  2319 | D:3      | Found a faded altar of an unknown god.
  2522 | D:4      | Noticed Menkaure
  2548 | D:4      | Killed Menkaure
  2751 | D:4      | Identified the cursed +1 leather armour "Musiedat" {+Inv}
  2772 | D:4      | Reached XP level 7. HP: 15/59 MP: 10/10
  3257 | D:4      | Found a deep blue altar of Sif Muna.
  3265 | D:4      | Noticed Blork the orc
  3275 | D:4      | Slain by Blork the orc

Skill      XL: |  1  2  3  4  5  6  7 |
---------------+----------------------+-----
Armour         | 1 2 3 |  3.0
Dodging        | 2 3 |  3.4
Spellcasting   | 2 3 |  3.1
Unarmed Combat | 3 4 |  4.2
Fighting       | 3 4 |  4.1
Throwing       | |  0.8
Stealth        | |  0.8
Translocations | |  2.6
Evocations     | |  0.5

Action                   |  1- 3 |  4- 6 |  7- 9 || total
-------------------------+-------+-------+-------++-------
Melee: Unarmed           |   133 |   137 |    30 ||   300
       Punch             |       |     1 |     1 ||     2
Evoke: Wand              |       |       |     3 ||     3
  Use: Potion            |       |     7 |     3 ||    10
 Stab: Invisible         |       |     3 |       ||     3
       Paralysed         |       |       |     5 ||     5
  Eat: Chunk             |     5 |     3 |     2 ||    10
Armor: Leather armour    |    48 |    25 |     8 ||    81
Dodge: Dodged            |    66 |    84 |    27 ||   177
